 Dungeon Crawl Stone Soup version 0.28.0-49-g6dfe1f597d (webtiles) character file.

Game seed: 4670880804252049689

90 Kniotic the Conjurer (level 4, 0/33 HPs)
             Began as a Demigod Conjurer on May 11, 2022.
             Slain by an orc wizard
             ... wielding a +0 dagger
              (2 damage)
             ... on level 4 of the Dungeon.
             The game lasted 00:05:20 (3341 turns).

Kniotic the Conjurer (Demigod Conjurer)             Turns: 3341, Time: 00:05:20

Health: 0/33       AC:  4    Str: 11    XL:     4   Next: 11%
Magic:  9/9        EV: 16    Int: 24    God:
Gold:   100        SH:  0    Dex: 10    Spells: 5/6 levels left

rFire   . . .      SeeInvis .   l - +1 hunting sling of the Jumping Fox {speed, rN++ rCorr Str+3 Dex-2}
rCold   . . .      Faith    .   (no shield)
rNeg    + + .      Spirit   .   a - +0 robe
rPois   .          Reflect  .   (no helmet)
rElec   .          Harm     .   (no cloak)
rCorr   +          Rampage  .   f - +0 pair of gloves
Will    .....                   i - +0 pair of boots
Stlth   +.........              (no amulet)
HPRegen 0.11/turn               e - +4 ring of evasion
MPRegen 0.11/turn               (no ring)

@: confused, mighty, brilliant, on berserk cooldown, attractive
A: high MP 1, forlorn, divine attributes, sense surroundings 1
a: no special abilities


You were on level 4 of the Dungeon.
You visited 1 branch of the dungeon, and saw 4 of its levels.

You collected 100 gold pieces.

Inventory:

Hand Weapons
 k - a +0 dagger of draining
 l - the +1 hunting sling of the Jumping Fox (weapon) {speed, rN++ rCorr Str+3 Dex-2}
   (You found it on level 3 of the Dungeon)

   Attacks with this weapon are significantly faster.
   Str:       It affects your strength (+3).
   Dex:       It affects your dexterity (-2).
   rN:        It greatly protects you from negative energy.
   rCorr:     It protects you from acid and corrosion.
Missiles
 o - 38 stones (quivered ammo)
Armour
 a - a +0 robe (worn)
 f - a +0 pair of gloves (worn)
 i - a +0 pair of boots (worn)
Jewellery
 e - a +4 ring of evasion (left hand)
 t - a ring of see invisible
Wands
 r - a wand of flame (16)
Scrolls
 b - a scroll of teleportation {unknown}
 g - 2 scrolls of noise {unknown}
 m - a scroll of amnesia {unknown}
 s - a scroll of brand weapon {unknown}
Potions
 c - a potion of mutation
 n - a potion of lignification {unknown}
 p - a potion of berserk rage


   Skills:
 - Level 1.7 Dodging
 - Level 1.7 Stealth
 - Level 1.7 Spellcasting
 + Level 5.3 Conjurations


You had 5 spell levels left.
You knew the following spells:

 Your Spells              Type           Power      Damage    Failure   Level
a - Magic Dart            Conj           100%       1d8       1%          1

Your spell library contained the following spells:

 Spells                   Type           Power      Damage    Failure   Level
 Searing Ray              Conj           82%        2d7       1%          2
 Beastly Appendage        Tmut           6%         N/A       12%         1
 Dazzling Flash           Conj/Hex       44%        N/A       12%         3
 Wereblood                Tmut           3%         N/A       19%         2
 Spider Form              Tmut/Pois      3%         N/A       36%         3
 Fulminant Prism          Conj/Hex       11%        3d9       38%         4
 Iskenderun's Mystic Bla  Conj/Tloc      22%        2d6       38%         4


Dungeon Overview and Level Annotations

Branches:
Dungeon (4/15)             Temple (0/1) D:4


Innate Abilities, Weirdness & Mutations

You have an increased reservoir of magic. (+10% MP)
You shall have no god before yourself.
Your divine heritage dramatically boosts your attributes as you level up.
You passively map a small area around you.


Message History

The orc throws a boomerang.
The boomerang misses you.
The orc wizard gestures at you while chanting.
Something closely misses you.
The orc throws a boomerang.
The boomerang hits you but does no damage.
Something misses the orc wizard.
The orc wizard casts a spell.
The orc wizard flickers and vanishes!
The orc throws a boomerang.
The boomerang hits you but does no damage.
A magic dart appears from out of thin air!
The magic dart hits something.
An orc wizard appears from thin air!
Reactivating autopickup.
The orc wizard seems less confused.
You hear some strange, mumbled words.
Deactivating autopickup; reactivate with Ctrl-A.
Something tries to affect you, but you resist.
The orc throws a boomerang.
The boomerang hits you but does no damage.
The orc wizard hits you but does no damage.
The orc throws a boomerang.
The boomerang hits you.
* * * LOW HITPOINT WARNING * * *
The orc wizard gestures at you while chanting.
You are confused.
It was a potion of attraction.
You feel attractive to monsters.
You feel yourself speed up. Something hits you.
* * * LOW HITPOINT WARNING * * *
You bump into the rock wall.
Something hits you.
* * * LOW HITPOINT WARNING * * *
The orc wizard points at you and mumbles some strange words.
You resist with some effort.
It was a potion of brilliance.
You feel clever all of a sudden. The orc completely misses you.
Something hits you but does no damage.
The orc wizard hits you with a +0 dagger.
* * * LOW HITPOINT WARNING * * *
It was a potion of might.
You feel very mighty all of a sudden. The orc barely misses you.
Something hits you.
You die...

###..##..##...#
#..#####......###
[##..###..#...#
#..####.......... .#..##
#......###................
.{..#
##..###.............##...##
....# #..##
##............###..#
....###..#
##............###.##
.........## ##......###..#
#..# ..........### #o{...##
##..##...
#.....#.....####@o....##
#..#...
#...#####..........#...##
#...... #..##
#...........###..####.....
...#
#..##........###.....####.
..##
##.#####..)...####....# #.
..#####..#
#.......###..#.## ##
........##
#.##....##...#..# #
...###...#
#.##.........#..# # ..##
#...## ##..##........##.##


You could see an orc wizard and an orc.

Vanquished Creatures
  2 adders
  2 worms
  A dart slug (D:1)
  An orc (D:3)
  6 endoplasms
  A giant cockroach (D:2)
  10 goblins
  12 hobgoblins
  5 kobolds
  A quokka (D:1)
  8 ball pythons
  2 bats
  A frilled lizard (D:3)
  6 rats
58 creatures vanquished.

Vanquished Creatures (others)
  An orc wizard (D:4)
1 creature vanquished.

Grand Total: 59 creatures vanquished

Notes
Turn   | Place    | Note
-------+----------+-------------------------------------------
     0 | D:1      | Kniotic the Demigod Conjurer began the quest for the Orb.
     0 | D:1      | Reached XP level 1. HP: 14/14 MP: 5/5
   210 | D:1      | Reached skill level 4 in Conjurations
   248 | D:1      | Reached XP level 2. HP: 20/20 MP: 1/7
  1285 | D:2      | Reached XP level 3. HP: 26/26 MP: 5/8
  1817 | D:2      | Reached skill level 5 in Conjurations
  2128 | D:3      | Identified the +1 hunting sling of the Jumping Fox {speed,
                  | rN++ rCorr Str+3 Dex-2}
  2192 | D:3      | You fall into a shaft and drop 1 floor!
  2782 | D:3      | Reached XP level 4. HP: 33/33 MP: 3/9
  3315 | D:4      | Gained mutation: Armour fits poorly on your strangely
                  | shaped body. [potion of mutation]
  3315 | D:4      | Gained mutation: You passively map a small area around you.
                  | [potion of mutation]
  3315 | D:4      | Lost mutation: Armour fits poorly on your strangely shaped
                  | body. [potion of mutation]
  3341 | D:4      | Slain by an orc wizard

Illustrated notes

Levels and vault maps discovered:
D:1:      psy_arrival_fountain, layout_basic, basic_ecumenical_altar,
          minivault_23, chequers_serial_rivers_micro_b, st_stairs_6,
          nrook_mini_backslash, minmay_misc_feat_alley
D:2:      layout_basic, basic_altar, minmay_misc_feat_tiny
D:3:      layout_loops_ring
D:4:      layout_layer_cave, minmay_temple_entry_glass,
          chequers_serial_rivers_marsh, uniq_robin, uniq_crazy_yiuf_cottage

Skill      XL: |  1  2  3 |
---------------+----------+-----
Conjurations   | 4 5 |  5.3
Dodging        | |  1.7
Stealth        | |  1.7
Spellcasting   | |  1.7

Action                   |  1- 3 |  4- 6 || total
-------------------------+-------+-------++-------
 Cast: Magic Dart        |   103 |     3 ||   106
  Use: Potion            |       |     6 ||     6
Armor: Robe              |     1 |     5 ||     6
Dodge: Dodged            |     8 |     5 ||    13
